 Dungeon Crawl Stone Soup version 0.29.0 (webtiles) character file.

Game seed: 2163642216119554374

39 gelatine the Chopper (level 3, -2/27 HPs)
             Began as a Demonspawn Gladiator on Aug 24, 2022.
             Slain by a gnoll
             ... wielding a +0 halberd
              (4 damage)
             ... on level 2 of the Dungeon.
             The game lasted 00:02:08 (1515 turns).

gelatine the Chopper (Demonspawn Gladiator)         Turns: 1515, Time: 00:02:10

Health: -2/27      AC:  4    Str: 16    XL:     3   Next: 28%
Magic:  3/3        EV: 12    Int:  9    God:
Gold:   33         SH:  0    Dex: 14    Spells: 2/2 levels left

rFire   . . .      SeeInvis .   a - +0 war axe
rCold   . . .      Faith    .   (no shield)
rNeg    . . .      Spirit   .   b - +0 leather armour
rPois   .          Reflect  .   c - +0 helmet
rElec   .          Harm     .   (no cloak)
rCorr   .          Rampage  .   (no gloves)
Will    .....                   (no boots)
Stlth   +.........              k - amulet of the acrobat
HPRegen 0.09/turn               (no ring)
MPRegen 0.08/turn               (no ring)

@: no status effects
A: ignite blood 1, spiny 1
a: no special abilities


You were on level 2 of the Dungeon.
You visited 1 branch of the dungeon, and saw 2 of its levels.

You collected 33 gold pieces.

Inventory:

Hand Weapons
 a - a +0 war axe (weapon)
 o - a +0 dagger of electrocution
Missiles
 d - a throwing net (quivered)
 e - a javelin
Armour
 b - a +0 leather armour (worn)
 c - a +0 helmet (worn)
 j - a +0 ring mail
Jewellery
 k - an amulet of the acrobat (around neck)
Scrolls
 g - 2 scrolls of magic mapping {unknown}
 h - a scroll of identify {unknown}
Potions
 f - a potion of magic {unknown}
 i - a potion of ambrosia {unknown}
 l - a potion of lignification {unknown}
 m - a potion of resistance {unknown}
 n - a potion of haste {unknown}


   Skills:
 + Level 2.3 Fighting
 + Level 3.3 Axes
 + Level 1.8 Throwing
 + Level 0.7 Armour
 + Level 3.0 Dodging
 + Level 0.1 Stealth


You had 2 spell levels left.
You didn't know any spells.
Your spell library was empty.

Dungeon Overview and Level Annotations

Branches:
Dungeon (2/15)

Altars:


Innate Abilities, Weirdness & Mutations

Your demonic aura sometimes causes spilled blood to erupt in flames.
You are partially covered in sharp spines.


Message History

* * * LOW HITPOINT WARNING * * *
The gnoll barely misses you.
The gnoll struggles against the net.
The gnoll misses you.
The gnoll struggles against the net.
The gnoll hits you from afar with a +0 spear.
* * * LOW HITPOINT WARNING * * *
The gnoll struggles against the net.
The gnoll struggles against the net.
There is a stone staircase leading up here.
You climb upwards.
There is a stone staircase leading down here.
HP restored.
Done exploring.
There is a stone staircase leading down here.
You climb downwards.
Found a stone staircase leading up.
There is a stone staircase leading up here.
The helpless giant cockroach fails to defend itself.
You hit the giant cockroach.
The giant cockroach is moderately wounded.
The gnoll shouts!
The giant cockroach closely misses you.
You hit the giant cockroach.
You kill the giant cockroach!
Found 7 stones.
You throw a throwing net. The throwing net hits the gnoll.
The gnoll is caught in the net!
The gnoll struggles against the net.
You hit the gnoll.
The gnoll is moderately wounded.
The gnoll struggles against the net.
The gnoll hits you with a +0 flail!
You hit the gnoll but do no damage.
The gnoll is moderately wounded.
The gnoll struggles against the net.
The gnoll hits you with a +0 flail.
The gnoll struggles against the net.
You hit the gnoll.
The gnoll is moderately wounded.
The gnoll struggles against the net.
The gnoll is struck by your spines. The gnoll hits you with a +0 flail!
* * * LOW HITPOINT WARNING * * *
The gnoll hits you from afar with a +0 halberd.
You die...

.......
......# ####
.....#
...##.....#
#........
#g...# #gg..#
#######g###.#
#(....@##<##
#.###°.#...#
#...#.♣.#
#.#.#..g#
....##.##
.##g###g# ..
.


.gg .# .. +.♣J. #. .## You could see 5 gnolls.

Vanquished Creatures
  A gnoll (D:2)
  A dart slug (D:2)
  A ball python (D:1)
  5 endoplasms (D:1)
  A giant cockroach (D:2)
  5 hobgoblins (D:1)
  A quokka (D:1)
  A bat (D:1)
  3 goblins (D:1)
  4 kobolds (D:1)
  A rat (D:1)
24 creatures vanquished.

Notes
Turn   | Place    | Note
-------+----------+-------------------------------------------
     0 | D:1      | gelatine the Demonspawn Gladiator began the quest for the
                  | Orb.
     0 | D:1      | Reached XP level 1. HP: 16/16 MP: 1/1
   547 | D:1      | Gained mutation: You are partially covered in sharp spines.
                  | [demonic ancestry]
   547 | D:1      | Reached XP level 2. HP: 20/22 MP: 2/2
  1212 | D:2      | Gained mutation: Your demonic aura sometimes causes spilled
                  | blood to erupt in flames. [demonic ancestry]
  1212 | D:2      | Reached XP level 3. HP: 16/27 MP: 3/3
  1515 | D:2      | Slain by a gnoll

Illustrated notes

Levels and vault maps discovered:
D:1:      scummos_arrival_hexagon, layout_basic, serial_glass, glass_columns_a,
          glass_columns_a, glass_columns_a, glass_columns_b, glass_columns_b,
          minmay_hexomino_f4
D:2:      layout_rooms, hellmonk_ecumenical_altar_inner_sanctum,
          grunt_ministairs_5

Skill      XL: |  1  2 |
---------------+-------+-----
Axes           | 3 |  3.3
Dodging        | 3 |  3.0
Fighting       | |  2.3
Throwing       | |  1.8
Armour         | |  0.7
Stealth        | |  0.1

Action                   || total
-------------------------++-------
Melee: War axe           ||    48
Throw: Throwing net      ||     2
 Stab: Sleeping          ||     3
Armor: Leather armour    ||     9
Dodge: Dodged            ||    32
